 Dungeon Crawl Stone Soup version 0.22.1-2-g9c5b331383 (webtiles) character file.

1695 Revguard the Fighter (level 9, -2/145 HPs)
             Began as an Ogre Berserker on Dec 16, 2018.
             Was a Priest of Trog.
             Slain by Prince Ribbit (18 damage)
             ... on level 5 of the Dungeon.
             The game lasted 00:13:02 (5152 turns).

Revguard the Fighter (Ogre Berserker)               Turns: 5152, Time: 00:13:03

Health: -2/145     AC:  3    Str: 29    XL:     9   Next: 3%
Magic:  9/9        EV: 12    Int:  8    God:    Trog [***...]
Gold:   257        SH:  0    Dex: 10    Spells: 8/8 levels left

rFire    + . .     SeeInvis .   n - +4 flail (pain)
rCold    . . .     Gourm    .   (no shield)
rNeg     + . .     Faith    .   s - +0 robe {rN+}
rPois    .         Spirit   .   (helmet restricted)
rElec    .         Reflect  .   v - scarf {cloud immunity}
rCorr    .         Harm     .   (gloves unavailable)
MR       ++...                  (boots unavailable)
Stlth    ..........             (no amulet)
HPRegen  1.34/turn              e - ring of protection from fire
MPRegen  0.11/turn              (no ring)

@: berserking (expiring), lethally poisoned (-2 -> -3), regenerating, very quick
A: large, unfitting armour, tough skin 1
a: Berserk, Trog's Hand, Renounce Religion


You were on level 5 of the Dungeon.
You worshipped Trog.
Trog was most pleased with you.
You were near starving.

You visited 1 branch of the dungeon, and saw 5 of its levels.

You collected 257 gold pieces.

Inventory:

Hand Weapons
 a - a +0 mace
 n - a +4 flail of pain (weapon)
 r - a +1 whip of freezing
Armour
 s - a +0 robe of positive energy (worn)
 v - a scarf of cloud immunity (worn)
Jewellery
 e - a ring of protection from fire (left hand)
Wands
 h - a wand of clouds (4)
 i - a wand of digging (8)
Scrolls
 d - 2 scrolls of teleportation
 l - 5 scrolls of enchant armour {unknown}
 o - a scroll of fear {unknown}
 u - 3 scrolls of enchant weapon {unknown}
Potions
 f - a potion of heal wounds
 g - 3 potions of curing
 j - a potion of degeneration {unknown}
 k - a potion of cancellation
 m - a potion of resistance
 p - a potion of haste
 q - a potion of ambrosia {unknown}
 t - a potion of flight {unknown}
Comestibles
 c - 3 rations


   Skills:
 + Level 8.4 Fighting
 + Level 7.9 Maces & Flails
 + Level 5.5 Dodging
 + Level 0.1 Evocations


You had 8 spell levels left.
You didn't know any spells.
Your spell library was empty.

Dungeon Overview and Level Annotations

Branches:
Dungeon (5/15)
 Temple: D:4-7

Altars:
Okawaru

Annotations:
D:5 Prince Ribbit


Innate Abilities, Weirdness & Mutations

You are too large for most types of armour.
You have tough skin. (AC +1)


Message History

You sock the worker ant zombie!
The worker ant zombie is almost destroyed.
You feel sick. The worker ant zombie bites you.
* * * LOW HITPOINT WARNING * * *
You bludgeon the worker ant zombie!!
You destroy the worker ant zombie!
Trog accepts your kill.
You feel sick.
You bludgeon the shadow imp!!
You kill the shadow imp!
Trog accepts your kill.
You feel sick.
You miss Prince Ribbit.
You feel sick.
Prince Ribbit hops awkwardly around.
Prince Ribbit hits you.
* * * LOW HITPOINT WARNING * * *
You miss Prince Ribbit.
You feel sick. Prince Ribbit hits you!
* * * LOW HITPOINT WARNING * * *
You closely miss Prince Ribbit.
You feel sick. Prince Ribbit hits you!!
You die...

.#
#.......(..#.###
..
#..#............
..
#.##....(..#.###
### #.###...)..#.#
#.####...#.#.#
#..(.....))..####
##########......##
########l.......
#.....@Fa.....##
#.######......#
#.###.... ... ..##
.#.## .# #.... . #
..# ... ...#


You could see Prince Ribbit, a worker ant and a leopard gecko.

Vanquished Creatures
  Pikel (D:4)
  Edmund (D:4)
  Menkaure (D:5)
  A slave (D:4)
  An ice beast (D:5)
  A centaur (D:5)
  Blork the orc (D:4)
  A scorpion (D:4)
  2 howler monkeys
  A hound (D:4)
  3 quasits (D:4)
  A centaur skeleton (D:4)
  2 orc priests
  Natasha (thrice) (D:3)
  Ijyb (D:2)
  2 orc wizards (D:5)
  5 worker ants
  A worker ant zombie (D:5)
  6 adders
  A shadow imp (D:5)
  An adder skeleton (D:4)
  3 worms
  A dart slug (D:1)
  A leopard gecko (D:3)
  15 orcs
  3 ball pythons
  5 giant cockroaches
  12 goblins
  2 hobgoblins (D:2)
  3 jackals (D:2)
  A quokka (D:3)
  4 bats
  5 frilled lizards
  2 kobolds
  A leopard gecko skeleton (D:4)
  10 rats
105 creatures vanquished.

Notes
Turn   | Place    | Note
-------+----------+-------------------------------------------
     0 | D:1      | Revguard the Ogre Berserker began the quest for the Orb.
     0 | D:1      | Reached XP level 1. HP: 24/24 MP: 1/1
   422 | D:1      | Reached XP level 2. HP: 32/32 MP: 2/2
   963 | D:2      | Reached XP level 3. HP: 32/40 MP: 3/3
  1058 | D:2      | Reached ** piety under Trog
  1105 | D:2      | Noticed Ijyb
  1151 | D:2      | Killed Ijyb
  1151 | D:2      | Reached XP level 4. HP: 18/49 MP: 4/4
  1453 | D:2      | HP: 2/49 [adder (1)]
  2364 | D:3      | Reached skill level 5 in Fighting
  2364 | D:3      | Reached XP level 5. HP: 37/57 MP: 5/5
  2391 | D:3      | Found an iron altar of Okawaru.
  2681 | D:3      | Noticed Natasha
  2686 | D:3      | Killed Natasha
  2731 | D:3      | Noticed Natasha
  2744 | D:3      | Killed Natasha
  3363 | D:3      | Noticed Natasha
  3378 | D:3      | Killed Natasha
  3378 | D:3      | Reached XP level 6. HP: 33/66 MP: 6/6
  3672 | D:4      | Noticed Edmund
  3688 | D:4      | Killed Edmund
  3688 | D:4      | Reached skill level 5 in Maces & Flails
  3919 | D:4      | Reached skill level 6 in Fighting
  3919 | D:4      | Reached XP level 7. HP: 71/75 MP: 7/7
  4037 | D:4      | Noticed Blork the orc
  4047 | D:4      | Killed Blork the orc
  4138 | D:4      | Noticed Pikel
  4163 | D:4      | Killed Pikel
  4163 | D:4      | Reached skill level 7 in Fighting
  4163 | D:4      | Reached XP level 8. HP: 48/87 MP: 8/8
  4727 | D:5      | Entered Level 5 of the Dungeon
  4769 | D:5      | Reached skill level 5 in Dodging
  4807 | D:5      | Reached *** piety under Trog
  4867 | D:5      | Reached skill level 8 in Fighting
  5132 | D:5      | Noticed Menkaure
  5134 | D:5      | Noticed Prince Ribbit
  5142 | D:5      | Killed Menkaure
  5144 | D:5      | Reached XP level 9. HP: 41/97 MP: 9/9
  5152 | D:5      | Slain by Prince Ribbit

Skill      XL: |  1  2  3  4  5  6  7  8 |
---------------+-------------------------+-----
Maces & Flails | 3 4 5 7 |  7.9
Dodging        | 3 4 5 |  5.5
Fighting       | 5 6 7 8 |  8.4
Evocations     | |  0.1

Action                   |  1- 3 |  4- 6 |  7- 9 || total
-------------------------+-------+-------+-------++-------
Melee: Mace              |    86 |   151 |       ||   237
       Flail             |       |     7 |   127 ||   134
Invok: Trog's Hand       |     1 |     2 |     3 ||     6
       Berserk           |     1 |     1 |     3 ||     5
Evoke: Wand              |       |       |     2 ||     2
  Use: Potion            |       |     4 |     1 ||     5
       Scroll            |       |     4 |     2 ||     6
 Stab: Sleeping          |       |     1 |       ||     1
  Eat: Ration            |     1 |     1 |       ||     2
       Chunk             |       |     7 |     5 ||    12
Armor: Animal skin       |    34 |    32 |     9 ||    75
       Robe              |       |       |    18 ||    18
Dodge: Dodged            |    63 |    88 |    94 ||   245
